 Dungeon Crawl Stone Soup version 0.27.0-1-g7a089689b8 (webtiles) character file.

Game seed: 2273870555432011524

144 Sweetruy1997 the Grave Robber (level 5, -1/28 HPs)
             Began as a Deep Elf Necromancer on Aug 5, 2021.
             Slain by a water moccasin skeleton (3 damage)
             ... on level 3 of the Dungeon.
             The game lasted 00:08:13 (3222 turns).

Sweetruy1997 the Grave Robber (DENe)                Turns: 3222, Time: 00:08:14

Health: -1/28      AC:  3    Str:  6    XL:     5   Next: 5%
Magic:  0/13       EV: 12    Int: 20    God:
Gold:   38         SH:  0    Dex: 15    Spells: 4/13 levels left

rFire    + . .     SeeInvis .   e - staff of fire
rCold    . . .     Faith    .   (no shield)
rNeg     . . .     Spirit   +   d - +0 leather armour
rPois    .         Reflect  .   (no helmet)
rElec    .         Harm     .   (no cloak)
rCorr    .         Rampage  .   (no gloves)
Will     .....                  (no boots)
Stlth    ++........             g - amulet of guardian spirit
HPRegen  0.09/turn              (no ring)
MPRegen  0.13/turn              (no ring)

@: no status effects
A: no striking features
a: no special abilities


You were on level 3 of the Dungeon.
You visited 1 branch of the dungeon, and saw 3 of its levels.

You collected 118 gold pieces.
You spent 80 gold pieces at shops.

Inventory:

Missiles
 a - 4 silver javelins
Armour
 d - a +0 leather armour (worn)
Magical Staves
 e - a staff of fire (weapon)
Jewellery
 g - an amulet of guardian spirit (around neck)
Scrolls
 f - a scroll of vulnerability {unknown}
Potions
 c - 3 potions of brilliance
 h - a potion of heal wounds {unknown}
 i - a potion of cancellation {unknown}
 j - a potion of berserk rage {unknown}


   Skills:
 + Level 0.1 Fighting
 + Level 0.2 Staves
 + Level 1.5 Armour
 + Level 2.6 Dodging
 + Level 2.8 Stealth
 + Level 4.5 Spellcasting
 + Level 6.1 Necromancy


You had 4 spell levels left.
You knew the following spells:

 Your Spells              Type           Power      Damage    Failure   Level
a - Pain                  Necr           100%       1d9       1%          1
b - Animate Skeleton      Necr           58%        N/A       1%          1
c - Vampiric Draining     Necr           14%        2d8       4%          3
d - Animate Dead          Necr           14%        N/A       14%         4

Your spell library contained the following spells:

 Spells                   Type           Power      Damage    Failure   Level
 Agony                    Necr           29%        N/A       38%         5


Dungeon Overview and Level Annotations

Branches:
Dungeon (3/15)

Altars:

Shops:
D:1 [   D:2 =!::


Message History

You hit the water moccasin skeleton.
The water moccasin skeleton is lightly damaged.
The water moccasin skeleton completely misses you.
You barely miss the water moccasin skeleton.
The water moccasin skeleton is lightly damaged.
The water moccasin skeleton misses you.
The water moccasin skeleton closely misses you.
You barely miss the water moccasin skeleton.
The water moccasin skeleton is lightly damaged.
The water moccasin skeleton bites you.
You hit the water moccasin skeleton.
The water moccasin skeleton is moderately damaged.
The water moccasin skeleton completely misses you.
The water moccasin skeleton misses you.
You hit the water moccasin skeleton.
The water moccasin skeleton is moderately damaged.
The water moccasin skeleton bites you.
* * * LOW HITPOINT WARNING * * *
You hit the water moccasin skeleton.
The water moccasin skeleton is moderately damaged.
The water moccasin skeleton barely misses you.
The water moccasin skeleton bites you.
* * * LOW HITPOINT WARNING * * *
You hit the water moccasin skeleton.
The water moccasin skeleton is moderately damaged.
The water moccasin skeleton barely misses you.
The water moccasin skeleton bites you.
* * * LOW HITPOINT WARNING * * *
You hit the water moccasin skeleton.
The water moccasin skeleton is heavily damaged.
The water moccasin skeleton barely misses you.
You hit the water moccasin skeleton but do no damage.
The water moccasin skeleton is heavily damaged.
The water moccasin skeleton bites you.
* * * LOW HITPOINT WARNING * * *
The water moccasin skeleton completely misses you.
You hit the water moccasin skeleton but do no damage.
The water moccasin skeleton is heavily damaged.
The water moccasin skeleton bites you.
You die...

...##########
............#######
###########....(..#######
#########.#####.......#
#......##.# #######.#
#@##.# #.# #Z##.#######
#.# ##.####.##........
#.# ...........[.####.
#.# .............# #.#
.#.##.#.##...# #.# ..
...#.##.?.# #.#
#.##.#.##...# #.# # #
#.##...# #.#


You could see a water moccasin skeleton.

Vanquished Creatures
  A phantom (D:3)
  4 adders
  A dart slug (D:2)
  4 endoplasms
  2 giant cockroaches
  2 goblins
  2 hobgoblins (D:1)
  2 jackals (D:1)
  2 kobolds (D:2)
  2 ball pythons
  2 bats
  10 frilled lizards
  2 rats
36 creatures vanquished.

Vanquished Creatures (collateral kills)
  2 frilled lizards (D:1)
2 creatures vanquished.

Grand Total: 38 creatures vanquished

Notes
Turn   | Place    | Note
-------+----------+-------------------------------------------
     0 | D:1      | Sweetruy1997 the Deep Elf Necromancer began the quest for
                  | the Orb.
     0 | D:1      | Reached XP level 1. HP: 10/10 MP: 6/6
     2 | D:1      | Learned a level 1 spell: Animate Skeleton
   118 | D:1      | Reached skill level 5 in Necromancy
   512 | D:1      | Reached XP level 2. HP: 12/15 MP: 5/8
   866 | D:1      | Found Xuli's Antique Armour Shop.
  1202 | D:2      | Found Relethups's Distillery.
  1208 | D:2      | Bought a potion of attraction for 30 gold pieces
  1425 | D:2      | Reached XP level 3. HP: 8/19 MP: 7/10
  1612 | D:2      | Found Beytar's Book Shop.
  2023 | D:2      | Found Umaos's Book Shop.
  2402 | D:2      | Found Medo's Jewellery Emporium.
  2418 | D:2      | Learned a level 3 spell: Vampiric Draining
  2574 | D:2      | Bought a potion of degeneration for 10 gold pieces
  2574 | D:2      | Bought a potion of brilliance for 40 gold pieces
  2832 | D:3      | Reached skill level 1 in Armour
  2832 | D:3      | Reached XP level 4. HP: 21/24 MP: 9/12
  2837 | D:3      | Learned a level 4 spell: Animate Dead
  2913 | D:3      | Noticed a phantom
  2941 | D:3      | Killed a phantom
  2942 | D:3      | Reached skill level 6 in Necromancy
  2942 | D:3      | Reached XP level 5. HP: 5/28 MP: 3/13
  3222 | D:3      | Slain by a water moccasin skeleton

Illustrated notes

Levels and vault maps discovered:
D:1:      ncdulo_wetmaze, layout_basic, serial_shops, nicolae_shop_waterfront,
          serial_curves, eino_curves_04, eino_curves_02,
          amcnicky_mini_rare_corridor_liquid, minmay_lizard_pond
D:2:      wander_river, layout_basic, serial_shops,
          nicolae_shop_temple_entry_statues_fountains, shop, shop_fountains,
          shop, minmay_hexomino_u4
D:3:      layout_loops_ring, mainiacjoe_overflow_surrounded_room,
          feat_on_display

Skill      XL: |  1  2  3  4 |
---------------+-------------+-----
Necromancy     | 5 6 |  6.1
Spellcasting   | 4 |  4.5
Armour         | 1 |  1.5
Fighting       | |  0.1
Staves         | |  0.2
Dodging        | |  2.6
Stealth        | |  2.8

Action                   |  1- 3 |  4- 6 || total
-------------------------+-------+-------++-------
Melee: Staff             |    13 |    29 ||    42
       Whip              |     1 |       ||     1
 Cast: Pain              |    54 |     2 ||    56
       Animate Skeleton  |     5 |     1 ||     6
  Use: Scroll            |     1 |     1 ||     2
 Stab: Sleeping          |       |     1 ||     1
Armor: Robe              |     1 |       ||     1
       Leather armour    |     4 |     5 ||     9
Dodge: Dodged            |    15 |    16 ||    31
